 Dungeon Crawl Stone Soup version 0.30-a0-879-ga8ba668304 (webtiles) character file.

Game seed: 6201514061327987028

133233 112233 the Eclecticist (level 17, -7/105 (107) HPs)
             Began as an Octopode Earth Elementalist on Mar 13, 2023.
             Was an Initiate of Gozag.
             Collided with a stone wall (13 damage)
             ... caused by a wretched star
             ... on level 3 of the Abyss.
             The game lasted 01:03:29 (51374 turns).

112233 the Eclecticist (OpEE)                      Turns: 51374, Time: 01:03:29

HP:   -7/105 (107)  AC: 20    Str:  2 (3)  XL:     17   Next: 14%
MP:   9/25          EV: 14    Int: 25 (26) God:    Gozag
Gold: 206           SH:  5    Dex:  7 (10) Spells: 10/46 levels left

rFire   x . .      SeeInvis .    I - +9 double sword (venom)
rCold   x x x      Faith    .    s - +1 buckler {reflect}
rNeg    + . .      Spirit   .    (helmet restricted)
rPois   ∞          Reflect  +    (no amulet)
rElec   +          Rampage  .    l - ring of protection from fire
rCorr   +          Rage     9%   n - ring of flight
Will    +....                    r - ring of Yendor {rElec rF+ Int+6 Stlth+}
Stlth   ++++                     Q - ring of resist corrosion
HPRegen 0.00/turn                (no ring)
MPRegen 0.19/turn                (no ring)
                                 (no ring)
                                 (no ring)

@: statue-form, corroded, gold aura, on berserk cooldown, flying, inhibited
regen, hasted and slowed, lightly drained, unable to read, unable to drink, very
slow
A: slow and powerful, torment resistance 1, boosted hp, almost no armour,
amphibious, 8 rings, camouflage 1, (gelatinous body 1), (nimble swimmer 1),
tentacles, [berserk 2], [clumsy 2], [deterioration 2], [dopey 2], [frail 3],
[low MP 3], [screaming 2], [inhibited regeneration], ([teleportitis 2]), [weak
2], [no potion heal 2], [cold vulnerability 3], [heat vulnerability 3], [subdued
magic 3], [inability to drink after injury 2], [inability to read after injury
2]
a: End Transformation, Renounce Religion, Potion Petition, Call Merchant, Bribe
Branch


You were on level 3 of the Abyss.
You worshipped Gozag.
Gozag was aware of your devotion.
You were a living statue of rough stone.
You visited 5 branches of the dungeon, and saw 26 of its levels.
You visited the Abyss 1 time.

You collected 9190 gold pieces.
You spent 1693 gold pieces at shops.
You paid 7291 gold pieces to Gozag.

Inventory:

Hand Weapons
 q - a +1 vampiric falchion
 I - a +9 double sword of venom (weapon)
 P - a +1 demon trident of electrocution
Missiles
 a - a throwing net
Armour
 s - a +1 buckler of reflection (worn)
Magical Staves
 w - a staff of death
Jewellery
 l - a ring of protection from fire (left tentacle)
 n - a ring of flight (right tentacle)
 r - the ring of Yendor (on tentacle) {rElec rF+ Int+6 Stlth+}
   (You acquired it on level 4 of the Dungeon)

   [ring of intelligence]

   Int:       It affects your intelligence (+6).
   rF:        It protects you from fire.
   rElec:     It insulates you from electricity.
   Stlth:     It makes you more stealthy.
 u - a ring of ice
 Q - a ring of resist corrosion (on tentacle)
Wands
 f - a wand of polymorph (12)
 i - a wand of flame (19)
 v - a wand of digging (2)
 x - a wand of paralysis (28)
 y - a wand of roots (27)
 G - a wand of mindburst (17)
Scrolls
 b - 3 scrolls of fog
 c - 2 scrolls of amnesia
 h - 5 scrolls of identify
 j - 2 scrolls of enchant weapon
 k - 3 scrolls of vulnerability
 o - 4 scrolls of noise
 p - 5 scrolls of teleportation
 z - 2 scrolls of poison
 E - a scroll of torment
 H - 3 scrolls of blinking
 J - 7 scrolls of fear
 L - 3 scrolls of enchant armour
Potions
 d - 6 potions of flight
 e - 8 potions of curing
 g - 4 potions of resistance
 m - 3 potions of attraction
 t - a potion of cancellation
 A - 4 potions of might
 B - 2 potions of lignification
 C - 2 potions of berserk rage
 D - 2 potions of mutation {unknown}
 F - 3 potions of brilliance
 M - 4 potions of degeneration
 N - a potion of magic
 O - 3 potions of heal wounds
 R - a potion of ambrosia
Miscellaneous
 K - a phial of floods (inert)


   Skills:
 + Level 11.9 Fighting
 + Level 13.0 Dodging
 - Level 4.8 Stealth
 - Level 5.0 Shields
 * Level 15.3 Spellcasting
 - Level 9.6 Conjurations
 - Level 7.9 Transmutations
 + Level 14.1 Earth Magic
 - Level 3.0 Evocations


You had 10 spell levels left.
You knew the following spells:

 Your Spells              Type           Power      Damage    Failure   Level
a - Iron Shot             Conj/Erth      20%        9d5       1%          6
b - Stone Arrow           Conj/Erth      82%        3d12      0%          3
c - Borgnjor's Vile Clut  Necr/Erth      14%        N/A       2%          5
d - Statue Form           Tmut/Erth      26%        N/A       2%          6
e - Lee's Rapid Deconstr  Erth           23%        3d13*     1%          5
f - Petrify               Tmut/Erth      39%        N/A       1%          4
g - Dispel Undead         Necr           10%        3d9       22%         4
h - Sandblast             Erth           94%        2d19      0%          1
i - Passwall              Tmut/Erth      32%        N/A       0%          2

Your spell library contained the following spells:

 Spells                   Type           Power      Damage    Failure   Level
 Magic Dart               Conj           100%       1d8       0%          1
 Searing Ray              Conj           70%        2d7       0%          2
 Necrotise                Necr           40%        1d6       1%          1
 Shock                    Conj/Air       88%        1d8       1%          1
 Ignite Poison            Fire/Tmut/Pois 17%        N/A       1%          3
 Mephitic Cloud           Conj/Pois/Air  18%        N/A       1%          3
 Flame Wave               Conj/Fire      22%        2d8       1%          4
 Fulminant Prism          Conj/Hex       11%        3d8       1%          4
 Leda's Liquefaction      Hex/Erth       14%        N/A       1%          4
 Call Imp                 Summ           10%        N/A       2%          2
 Cigotuvi's Dreadful Rot  Necr/Pois/Air  20%        N/A       2%          2
 Ensorcelled Hibernation  Hex/Ice        20%        N/A       2%          2
 Scorch                   Fire           20%        2d6       2%          2
 Sublimation of Blood     Necr           10%        N/A       2%          2
 Kindle Blastsparks       Fire/Tloc/Air  20%        2d11      5%          3
 Swiftness                Air            10%        N/A       5%          3
 Vhi's Electric Charge    Tloc/Air       20%        N/A       5%          3
 Freezing Cloud           Conj/Ice/Air   9%         6-21      16%         5
 Airstrike                Air            5%         2d(1-17)  22%         4
 Olgreb's Toxic Radiance  Pois           10%        N/A       22%         4
 Conjure Ball Lightning   Conj/Air       11%        3x3d6     45%         6
 Death Channel            Necr           5%         N/A       99%         6
 Summon Cactus Giant      Summ           5%         N/A       99%         6
 Ozocubu's Refrigeration  Ice            5%         4d8       100%        7
 Discord                  Hex            5%         N/A       100%        8
 Disjunction              Tloc           5%         N/A       100%        8
 Ignition                 Fire           5%         3d4       100%        8
 Infestation              Necr           5%         N/A       100%        8
 Animate Dead             Necr           Unusable   N/A       N/A         4

Dungeon Overview and Level Annotations

Branches:
Dungeon (15/15)            Temple (1/1) D:5            Lair (5/5) D:8
 Shoals (0/4) Lair:3       Spider (0/4) Lair:3        Slime (0/5) Lair:4
    Orc (2/2) D:11            Elf (3/3) Orc:2        Vaults (0/5) D:14
 Depths (0/4) D:15

Altars:
Ashenzari
Cheibriados
Dithmenos
Elyvilon
Fedhas
Gozag
Hepliaklqana
Kikubaaqudgha
Makhleb
Nemelex Xobeh
Okawaru
Qazlal
Ru
Sif Muna
Trog
Uskayaw
Vehumet
Wu Jian
Xom
Yredelemnul
Zin
The Shining One
Jiyva

Shops:
D:4 *   D:7 (   Orc:2 !(**

Annotations:
Lair:2 3 runed translucent doors, Conn's ghost, journeyman OpFE
Lair:4 exclusion: downstairs
Elf:2 3 runed translucent doors, exclusion: orange crystal statue


Innate Abilities, Weirdness & Mutations

You are a living statue of rough stone.
Your actions are slow, but your melee attacks are powerful.
You are resistant to unholy torment.
Your maximum health is greatly increased.
You are immune to poison.
You cannot wear most types of armour.
You are amphibious.
You can wear up to eight rings at the same time.
Your skin changes colour to match your surroundings (Stealth+).
((Your rubbery body absorbs attacks. (AC +1, EV +1)))
((You are camouflaged when in or above water. (Stealth+)))
You have tentacles for arms and can constrict up to eight enemies at once.
[You have an uncontrollable temper.]
[You are very clumsy. (Dex -4)]
[Your body often deteriorates upon taking damage.]
[You are very dopey. (Int -4)]
[You are extremely frail. (-30% HP)]
[Your magical capacity is extremely low. (-30% MP)]
[You frequently scream uncontrollably at your foes.]
[You do not regenerate when monsters are visible.]
[((You are often teleported next to monsters.))]
[You are very weak. (Str -4)]
[Potions cannot restore your health.]
[You are extremely vulnerable to cold. (rC---)]
[You are extremely vulnerable to heat. (rF---)]
[Your spells are much easier to cast, but much less powerful.]
[You sometimes lose the ability to drink potions when taking damage.]
[You sometimes lose the ability to read scrolls when taking damage.]


Message History

The wretched star glows turbulently.
The lance of force hits you!!
* * * LOW HITPOINT WARNING * * *
Your body deteriorates!
You feel clumsy.
You are knocked back by the lance of force.
You slam into the stone wall!
* * * LOW HITPOINT WARNING * * *
The lich mumbles some strange words.
The lich seems to speed up.
The tentacled starspawn is distracted by your dazzling golden aura.
Unknown command.
Unknown command.
You cannot drink potions in your current state!
Unknown command.
Casting: Statue Form (dangerous; 2% risk of failure)
Confirm with . or Enter, or press ? or * to list all spells.
Okay, then.
Unknown command.
Casting: Statue Form (dangerous; 2% risk of failure)
Confirm with . or Enter, or press ? or * to list all spells.
Okay, then.
Casting: Statue Form (dangerous; 2% risk of failure)
Confirm with . or Enter, or press ? or * to list all spells.
Aiming: Iron Shot (dangerous; 1% risk of failure)
Press: ? - help, Shift-Dir - straight line The iron shot hits the lich!!
The lich is heavily damaged.
The zombie hands constrict the lich!
The zombie hands constrict the tentacled starspawn!
The zombie hands constrict the starspawn tentacle!
You destroy the starspawn tentacle!
The zombie hands release their grip on the tentacled starspawn.
The lich touches you but does no damage.
The wretched star glows turbulently.
The lance of force hits you.
* * * LOW HITPOINT WARNING * * *
You are knocked back by the lance of force.
You slam into the stone wall!
You die...
Your body crumbles into a pile of gold.

. .. .. . ## . #.
# ### .. ..#
#..##.##. # #...
##.. #...# #.. . .
#. . ....#.... #
#.# ...#..*.....#
..
#∩.P.♣w♣♣*.##..#
#.⌠⌠.XL8*X...⌠# #
#
##.⌠''#########.P.
##.. #.# '⌠ # #
..# . .## ## .# #
⌠#P . ....♣ #
.##..#.♣ #♣ φ #...
. # ... . .#


You could see a starflower, a tentacled starspawn, a lich (fast, clutched), 3
wretched stars, an oklob plant, a thrashing horror and a starspawn tentacle.

Vanquished Creatures
  Nikola (Elf:1)
  2 liches (Abyss:3)
  A tentacled starspawn (Abyss:3)
  Kirke (Lair:4)
  Aizul (Elf:1)
  Louise (Elf:1)
  A very ugly thing (D:14)
  A deep elf elementalist (Elf:1)
  A dire elephant (Lair:5)
  Azrael (Elf:1)
  2 deep elf death magi (Elf:1)
  Josephine (D:11)
  A yaktaur captain (D:15)
  5 hydras
  Erolcha (D:11)
  Erica (D:9)
  A catoblepas (Lair:4)
  4 centaur warriors
  A two-headed ogre (D:13)
  A tengu warrior (D:15)
  A merfolk avatar (Lair:5)
  A boulder beetle (D:12)
  19 dancing weapons
  Urug (D:11)
  A thrashing horror (Abyss:3)
  8 deep elf knights
  3 large abominations
  Nergalle (D:11)
  A wretched star (Abyss:3)
  A pharaoh ant (Lair:3)
  3 skeletal warriors (D:15)
  A skyshark (Lair:5)
  Lodul (D:14)
  3 sea snakes (Lair:5)
  2 slime creatures (D:15)
  13 deep elf archers
  Pikel (D:7)
  A harpy (Lair:5)
  20 deep elf zephyrmancers
  3 wizards
  6 orc knights
  2 necromancers
  23 deep elf pyromancers
  2 orc sorcerers
  6 black mambas
  2 cyclopes
  3 manticores
  17 ugly things
  14 elephants
  A centaur zombie (D:15)
  A gargoyle (D:12)
  3 centaur skeletons (D:15)
  6 cane toads
  4 efreet
  2 yaktaurs (D:15)
  A freezing wraith (D:15)
  2 unseen horrors (D:11)
  5 kobold demonologists
  Psyche (D:10)
  3 tengu conjurers
  5 rime drakes
  4 trolls
  7 komodo dragons
  3 polar bears
  Prince Ribbit (D:7)
  2 hornets
  A snapping turtle (Lair:5)
  14 blink frogs
  3 jumping spiders (Lair:3)
  A centaur simulacrum (D:15)
  A shadow (D:10)
  A vampire (D:13)
  A ynoxinul (D:10)
  11 water elementals
  A spriggan (shapeshifter) (Elf:1)
  Sigmund (D:5)
  7 wyverns
  A fire bat (shapeshifter) (D:13)
  7 wraiths
  A basilisk (D:13)
  A hog (Lair:5)
  37 yaks
  5 fire elementals (Elf:1)
  A redback simulacrum (D:15)
  Grum (D:11)
  2 steam dragons
  2 vampire mosquitoes (D:13)
  Edmund (D:5)
  4 acid dragons
  A warg (D:15)
  12 water moccasins
  2 hell hounds (Elf:1)
  Duvessa (D:7)
  2 sky beasts (D:7)
  34 orc warriors
  3 ice beasts
  12 ogres
  18 wolves
  14 centaurs
  5 kobold brigands
  3 lemures (D:7)
  2 phantoms (D:6)
  3 elf zombies (Elf:1)
  A small abomination (Abyss:3)
  9 bullfrogs
  2 scorpions
  4 earth elementals
  Dowan (D:7)
  3 howler monkeys
  3 electric eels (D:15)
  4 jellies
  12 orc priests
  2 hounds
  3 iguanas
  2 sleepcaps
  15 orc wizards
  3 gnolls (Orc:2)
  9 adders
  A shadow imp (D:7)
  2 white imps
  An ufetubus (D:6)
  A worm (D:4)
  55 orcs
  3 bats
  6 endoplasms
  3 giant cockroaches
  8 goblins
  10 hobgoblins
  2 jackals (D:1)
  12 kobolds
  3 quokkas
  2 ball pythons
  4 frilled lizards
  2 rats (D:1)
  A starspawn tentacle (Abyss:3)
646 creatures vanquished.

Vanquished Creatures (collateral kills)
  The ghost of zammaz the Grappler, a journeyman DrTm of Qazlal (D:11)
  An orc warrior (Orc:2)
  An orc wizard (Orc:2)
3 creatures vanquished.

Vanquished Creatures (others)
  A deep elf knight (Elf:1)
  4 deep elf pyromancers
  2 humans (Lair:5)
  A demonic plant (Abyss:3)
  50 fungi
  61 plants
  3 starspawn tentacles (Abyss:3)
122 creatures vanquished.

Grand Total: 771 creatures vanquished

Notes
Turn   | Place    | Note
-------+----------+-------------------------------------------
     0 | D:1      | 112233 the Octopode Earth Elementalist began the quest for
                  | the Orb.
     0 | D:1      | Reached XP level 1. HP: 11/11 MP: 3/3
   197 | D:1      | Reached XP level 2. HP: 17/17 MP: 0/5
  1209 | D:2      | Reached XP level 3. HP: 21/21 MP: 2/6
  1996 | D:3      | Learned a level 3 spell: Stone Arrow
  2041 | D:3      | Learned a level 2 spell: Passwall
  2055 | D:3      | Reached skill level 3 in Spellcasting
  2055 | D:3      | Reached XP level 4. HP: 27/27 MP: 2/8
  3090 | D:4      | Reached XP level 5. HP: 31/31 MP: 8/10
  3144 | D:4      | Found Qekhicus's General Store.
  3596 | D:5      | Entered Level 5 of the Dungeon
  3613 | D:5      | Reached skill level 4 in Spellcasting
  3953 | D:4      | Reached skill level 5 in Earth Magic
  3953 | D:4      | Reached XP level 6. HP: 15/37 MP: 1/12
  4531 | D:5      | Noticed Sigmund
  4535 | D:5      | Killed Sigmund
  4536 | D:5      | Reached skill level 1 in Fighting
  4536 | D:5      | Reached skill level 1 in Conjurations
  4536 | D:5      | Reached XP level 7. HP: 43/43 MP: 3/13
  4674 | D:5      | Noticed Edmund
  4683 | D:5      | Found a staircase to the Ecumenical Temple.
  4702 | Temple   | Entered the Ecumenical Temple
  5054 | Temple   | Became a worshipper of Gozag Ym Sagoz the Greedy
  5317 | D:5      | Killed Edmund
  5468 | D:5      | Got the Meditations on Anemomancy
  5539 | D:5      | Found a bloodstained altar of Trog.
  5542 | D:5      | Found a burning altar of Makhleb.
  5570 | D:5      | Found a basalt altar of Yredelemnul.
  5573 | D:5      | Found a radiant altar of Vehumet.
  5878 | D:6      | Learned a level 4 spell: Petrify
  5910 | D:6      | Reached XP level 8. HP: 51/51 MP: 8/15
  6394 | D:6      | Reached skill level 5 in Spellcasting
  6792 | D:6      | Found a hazy altar of Hepliaklqana.
  6796 | D:6      | Found an iron altar of Okawaru.
  6796 | D:6      | Found a hide-covered altar of Uskayaw.
  6809 | D:6      | Found an ancient bone altar of Kikubaaqudgha.
  6812 | D:6      | Found a glowing silver altar of Zin.
  7127 | D:7      | Reached skill level 1 in Shields
  7192 | D:7      | Noticed Dowan
  7193 | D:7      | Noticed Duvessa
  7644 | D:7      | Killed Duvessa
  7756 | D:7      | Killed Dowan
  8072 | D:7      | Noticed Prince Ribbit
  8076 | D:7      | Killed Prince Ribbit
  8077 | D:7      | Reached XP level 9. HP: 47/58 MP: 7/17
  8144 | D:7      | Found Kajaopp's Weapon Emporium.
  8399 | D:7      | Noticed Pikel
  8473 | D:7      | Noticed a hornet
  8615 | D:7      | Killed a hornet
  9056 | D:7      | Paralysed by Pikel for 3 turns
  9061 | D:7      | Killed Pikel
  9062 | D:7      | Reached skill level 5 in Dodging
  9201 | D:7      | Reached skill level 6 in Spellcasting
  9411 | D:8      | Found a staircase to the Lair.
  9412 | D:8      | Noticed a komodo dragon
  9431 | D:8      | Killed a komodo dragon
  9714 | D:8      | Reached skill level 5 in Fighting
  9858 | D:8      | Reached skill level 5 in Conjurations
 10112 | D:8      | Reached XP level 10. HP: 66/66 MP: 17/19
 10395 | D:8      | Found a broken altar of Ashenzari.
 10719 | D:9      | Noticed Erica
 10868 | D:9      | Killed Erica
 11901 | D:10     | Entered Level 10 of the Dungeon
 12143 | D:10     | Noticed Psyche
 12148 | D:10     | Killed Psyche
 12931 | D:10     | Reached skill level 5 in Shields
 13146 | D:10     | Reached skill level 7 in Spellcasting
 14056 | D:11     | Noticed a kobold demonologist
 14063 | D:11     | Noticed a sun demon
 14064 | D:11     | Noticed a sixfirhy
 14268 | D:11     | Noticed Urug
 14283 | D:11     | Noticed Josephine
 14285 | D:11     | Noticed Nergalle
 14386 | D:11     | Killed Nergalle
 14387 | D:11     | Reached XP level 11. HP: 22/74 MP: 9/21
 14640 | D:11     | Found a runed translucent door.
 14703 | Lair:1   | Entered Level 1 of the Lair of Beasts
 16323 | Lair:2   | Noticed an eight-headed hydra
 16331 | Lair:2   | Killed an eight-headed hydra
 16526 | Lair:2   | Noticed a skyshark
 16529 | Lair:2   | Found a runed translucent gate.
 16535 | Lair:2   | Noticed Conn's ghost (journeyman OpFE)
 16654 | Lair:2   | Found a runed translucent gate.
 16654 | Lair:2   | Noticed a four-headed hydra
 16655 | Lair:2   | Found a runed translucent gate.
 16656 | Lair:2   | Noticed a skyshark
 16700 | Lair:2   | Learned a level 5 spell: Lee's Rapid Deconstruction
 16707 | Lair:2   | Learned a level 6 spell: Statue Form
 17206 | D:11     | Noticed zammaz's ghost (journeyman DrTm)
 17637 | D:11     | Killed Josephine
 18028 | D:11     | Reached skill level 8 in Spellcasting
 18989 | Lair:3   | Reached XP level 12. HP: 72/82 MP: 3/24
 19305 | Lair:3   | Found a staircase to the Shoals.
 20042 | D:11     | Found a staircase to the Orcish Mines.
 20417 | D:4      | Bought a scroll of acquirement for 728 gold pieces
 20417 | D:4      | Acquired 1223 gold pieces
 20419 | D:4      | Bought a scroll of poison for 56 gold pieces
 20419 | D:4      | Acquired the ring of Yendor {rElec rF+ Int+6 Stlth+}
 20571 | Orc:1    | Entered Level 1 of the Orcish Mines
 21093 | D:11     | Noticed Erolcha
 21099 | D:11     | Killed Erolcha
 21255 | D:11     | Noticed Grum
 21276 | D:11     | Killed Grum
 21540 | D:11     | Killed Urug
 21541 | D:11     | Reached skill level 9 in Spellcasting
 21830 | D:12     | Found a white marble altar of Elyvilon.
 22555 | Lair:3   | Noticed a four-headed hydra
 22560 | Lair:3   | Killed a four-headed hydra
 23055 | Lair:4   | Noticed a catoblepas
 23420 | Lair:4   | Found a viscous altar of Jiyva.
 23420 | Lair:4   | Found a staircase to the Slime Pits.
 24061 | Lair:3   | Reached skill level 10 in Spellcasting
 24121 | Lair:3   | Found a hole to the Spider Nest.
 24464 | Lair:4   | Noticed an eight-headed hydra
 24468 | Lair:4   | Killed an eight-headed hydra
 25099 | Lair:4   | Reached skill level 5 in Transmutations
 25105 | Lair:4   | Reached XP level 13. HP: 88/88 MP: 6/27
 26623 | D:11     | Learned a level 4 spell: Dispel Undead
 26794 | D:11     | Got the Quarto of the Caves
 26803 | D:11     | Killed zammaz's ghost
 26877 | Orc:1    | Learned a level 6 spell: Iron Shot
 27563 | Orc:2    | Entered Level 2 of the Orcish Mines
 27594 | Orc:2    | Found a staircase to the Elven Halls.
 30160 | Orc:2    | Reached skill level 10 in Earth Magic
 30379 | Orc:2    | Reached skill level 11 in Spellcasting
 30618 | Orc:2    | Found Odoamnagu's Antique Weapon Shop.
 30618 | Orc:2    | Found Kieqe's Assorted Antiques.
 30618 | Orc:2    | Found Wawkuwal's General Store.
 30805 | Orc:2    | Reached skill level 10 in Dodging
 31309 | Orc:2    | Found Tewneus's Distillery.
 31314 | Orc:2    | Bought a scroll labelled ORIM IFFIO for 38 gold pieces
 31314 | Orc:2    | Bought a scroll labelled SOZY ZOSEG for 38 gold pieces
 31314 | Orc:2    | Bought a scroll of identify for 76 gold pieces
 31314 | Orc:2    | Bought a scroll of teleportation for 114 gold pieces
 31314 | Orc:2    | Bought a scroll of identify for 76 gold pieces
 31326 | Orc:2    | Bought a scroll of blinking for 97 gold pieces
 31326 | Orc:2    | Bought 2 scrolls of blinking for 195 gold pieces
 32158 | Orc:2    | Bought a scroll of teleportation for 39 gold pieces
 32158 | Orc:2    | Bought a scroll of identify for 26 gold pieces
 32163 | Orc:2    | Bought a potion of magic for 112 gold pieces
 32163 | Orc:2    | Bought a potion of degeneration for 14 gold pieces
 32163 | Orc:2    | Bought a potion of curing for 42 gold pieces
 32163 | Orc:2    | Bought a potion of curing for 42 gold pieces
 33544 | Lair:5   | Entered Level 5 of the Lair of Beasts
 34110 | Lair:5   | Noticed Kirke
 34324 | Lair:4   | Killed Kirke
 34463 | Lair:5   | Reached XP level 14. HP: 95/95 MP: 17/29
 35879 | Lair:5   | Reached skill level 12 in Spellcasting
 36413 | Lair:5   | Noticed a dire elephant
 36439 | Lair:5   | Killed a dire elephant
 37782 | Lair:5   | Identified the +0 leather armour of Teuh {+Blink rElec MP-9
                  | Stlth+}
 39022 | D:13     | Acquired a book of Unlife
 39030 | D:13     | Learned a level 5 spell: Borgnjor's Vile Clutch
 39915 | D:13     | Found Yleptal's Antique Weapon Emporium.
 40583 | D:14     | Found an ancient bone altar of Kikubaaqudgha.
 40605 | D:14     | Reached XP level 15. HP: 102/102 MP: 21/31
 40606 | D:14     | Noticed Lodul
 40613 | D:14     | Killed Lodul
 41508 | D:14     | Found a gate to the Vaults.
 41540 | D:15     | Entered Level 15 of the Dungeon
 42227 | D:15     | Reached skill level 13 in Spellcasting
 42229 | D:15     | Reached skill level 10 in Fighting
 42238 | D:15     | Reached skill level 1 in Evocations
 42520 | D:15     | Paralysed by an orc sorcerer for 2 turns
 42528 | D:15     | Paralysed by an orc sorcerer for 5 turns
 42965 | D:15     | Found a staircase to the Depths.
 43843 | Elf:1    | Entered Level 1 of the Elven Halls
 44975 | Elf:1    | Found a radiant altar of Vehumet.
 45865 | Elf:1    | Reached XP level 16. HP: 110/110 MP: 18/33
 45949 | Elf:1    | Noticed Aizul
 46178 | Elf:1    | Killed Aizul
 46180 | Elf:1    | Noticed Louise
 46181 | Elf:1    | Reached skill level 14 in Spellcasting
 46415 | Elf:1    | Noticed Azrael
 46429 | Elf:1    | Killed Azrael
 46715 | Elf:1    | Killed Louise
 46718 | Elf:1    | Paralysed by a deep elf zephyrmancer for 2 turns
 46758 | Elf:1    | Noticed Nikola
 47000 | Elf:1    | Killed Nikola
 48721 | Elf:1    | Got the Precepts of Stolen Souls
 49675 | Elf:2    | Found a runed translucent gate.
 49776 | Elf:2    | Found a runed translucent gate.
 49776 | Elf:2    | Found a runed translucent gate.
 49809 | Elf:2    | Reached skill level 15 in Spellcasting
 50842 | Elf:3    | Entered Level 3 of the Elven Halls
 50895 | Elf:3    | Reached XP level 17. HP: 119/119 MP: 25/36
 51200 | Elf:3    | Identified the +10 falchion "Kudoot" {flame, rF+ rC+ Will-
                  | Int+2}
 51283 | Abyss:3  | Cast into level 3 of the Abyss (a deep elf sorcerer)
 51320 | Abyss:3  | Noticed a lich
 51322 | Abyss:3  | Noticed a tentacled starspawn
 51331 | Abyss:3  | Killed a tentacled starspawn
 51331 | Abyss:3  | Killed a lich
 51357 | Abyss:3  | Noticed a lich
 51365 | Abyss:3  | Noticed a lich
 51366 | Abyss:3  | Noticed a tentacled starspawn
 51369 | Abyss:3  | Killed a lich
 51374 | Abyss:3  | Collided with a stone wall

Illustrated notes

Levels and vault maps discovered:
D:1:      lemuel_arrival_room, layout_loops_corners
D:2:      layout_loops_ring
D:3:      layout_basic
D:4:      layout_basic, serial_shops, nicolae_shop_advertising_works
          [nicolae_subvault_shop_adworks]
D:5:      layout_loops_ring, grunt_temple_overflow_cloverleaf,
          minmay_temple_entry_tees, eino_small_chamber_without_monster,
          uniq_edmund, uniq_sigmund
D:6:      lemuel_ice_spiral_2, layout_basic, minmay_overflow_temple_star_hex
D:7:      layout_rooms, serial_shops, shop, chequers_avenue, nrook_uturn,
          uniq_duvessa, uniq_prince_ribbit1, uniq_pikel
D:8:      layout_cave_pods, lemuel_round_altar, david_lair_shrubbed,
          enter_bailey_8
D:9:      layout_roguey, serial_co_window_serial, co_window_paths_a,
          co_window_of_opportunity_a, co_window_corner_a, co_window_paths_a,
          co_window_cross_1, co_window_2corner, co_window_unsneaky_path_b,
          co_window_unsneaky_path_a, co_window_broadway_b, co_window_corner_ca,
          co_window_unsneaky_path_d, co_window_corner_ca, co_window_4corner_a,
          glass_columns_a, uniq_erica
D:10:     layout_grid_maze, uniq_psyche
D:11:     layout_irregular_city, erik_orc_3, hellmonk_ghost_big_iron,
          uniq_nergalle, uniq_urug, uniq_grum, uniq_josephine, uniq_erolcha
D:12:     layout_cave_pods, grunt_decor_mini_mirrors, elyvilon_altar_5
D:13:     layout_irregular_city, serial_shops, nicolae_shop_waterfront
D:14:     layout_rooms, david_vaults_5, portal_ice_cave_entry_ugly_swarm,
          nicolae_kikubaaqudgha_miasma_corner, uniq_lodul
D:15:     grunt_enter_depths_magical_seal, layout_basic
Temple:   minmay_temple_forest_path
Lair:1:   layout_hall_layers
Lair:2:   layout_regular_city, gammafunk_ghost_split, serial_bayou_shore_b
Lair:3:   layout_cave_shapes, elwin_shoals_entry_rocks,
          nicolae_spider_entry_lesser_pyramids, st_stairs_10, grunt_megastairs_1
Lair:4:   layout_long_grid, nicolae_slime_entry_slimehenge, serial_bayou_shore_a
Lair:5:   gammafunk_lair_ancient_temple, layout_regular_city,
          grunt_megastairs_4, uniq_kirke
Orc:1:    layout_caves
Orc:2:    st_orc_rangers, layout_diamond_mine, basic_altar
Elf:1:    eino_elf_arrival_altar, layout_geoelf_octagon, minmay_elf_necromancy,
          uniq_nikola, uniq_azrael, uniq_aizul, uniq_louise
Elf:2:    nicolae_elf_blades_crystal_corner, layout_loops_cross, minivault_16,
          uniq_saint_roka
Elf:3:    minmay_elf_hall_quartered_circle, layout_geoelf_octagon
Abyss:3:  base: Lair:2, minivault_23, spicy_abyss_helpful_harpoons,
          spicy_pingpong_abyss_rune, evilmike_abyss_exit_kraken

Skill      XL: |  1  2  3  4  5  6  7  8  9 10 11 12 13 14 15 16 17 |
---------------+----------------------------------------------------+-----
Spellcasting   | 3 4 5 6 7 8 10 11 12 13 15 | 15.3
Earth Magic    | 4 5 6 7 8 9 10 12 13 14 | 14.1
Fighting       | 1 2 4 5 6 7 8 9 10 11 | 11.9
Conjurations   | 1 2 3 5 6 7 8 9 |  9.6
Dodging        | 3 4 5 6 8 9 10 11 12 13 | 13.0
Shields        | 2 4 5 |  5.0
Transmutations | 5 6 7 |  7.9
Stealth        | 4 |  4.8
Evocations     | 3 |  3.0

Action                     |  1- 3 |  4- 6 |  7- 9 | 10-12 | 13-15 | 16-18 || total
---------------------------+-------+-------+-------+-------+-------+-------++-------
  Melee: Unarmed           |       |     2 |       |       |     1 |       ||     3
         Constrict         |       |     1 |     1 |     4 |    26 |    19 ||    51
         Falchion          |       |       |    13 |    14 |       |       ||    27
         Tentacles         |       |       |     2 |     8 |    75 |    40 ||   125
         Punch             |       |       |       |     2 |     5 |     3 ||    10
         Double sword      |       |       |       |    11 |   218 |   127 ||   356
   Cast: Sandblast         |    44 |    45 |    26 |    23 |    18 |       ||   156
         Stone Arrow       |       |    12 |    91 |   359 |   545 |    12 ||  1019
         Statue Form       |       |       |       |       |    77 |    30 ||   107
         Petrify           |       |       |       |       |     7 |       ||     7
         Iron Shot         |       |       |       |       |    26 |    21 ||    47
         Lee's Rapid Decon |       |       |       |       |     8 |     3 ||    11
         Passwall          |       |       |       |       |     2 |     1 ||     3
         Borgnjor's Vile C |       |       |       |       |    11 |    65 ||    76
         Dispel Undead     |       |       |       |       |       |     1 ||     1
 Invoke: Potion Petition   |       |       |     1 |     3 |     5 |    10 ||    19
  Evoke: Wand              |       |       |     3 |     2 |    19 |     6 ||    30
         Phial of floods   |       |       |       |       |     3 |     2 ||     5
    Use: Scroll            |       |       |     4 |    16 |    19 |     1 ||    40
         Potion            |       |       |     1 |    11 |     6 |       ||    18
   Stab: Invisible         |       |       |       |     2 |       |       ||     2
         Paralysed         |       |       |       |       |     3 |       ||     3
         Distracted        |       |       |       |       |     1 |     1 ||     2
 Armour: Skin              |     2 |       |     6 |    27 |   467 |   202 ||   704
  Dodge: Dodged            |     9 |    12 |    37 |   143 |   750 |   223 ||  1174
  Block: Buckler           |       |       |       |    58 |   298 |   107 ||   463
         Reflection        |       |       |       |     3 |    34 |     8 ||    45

Table legend: (Time is in decaauts)
 A = Elapsed time spent in this place.
 B = Non-inter-level travel time spent in this place.
 C = Inter-level travel time spent in this place.
 D = Time resting spent in this place.
 E = Time spent auto-exploring this place.
 F = Levels seen in this place.
 G = Mean time per level.
                   A        B        C        D        E       F      G
               +--------+--------+--------+--------+--------+-----+--------+
         Total |  54482 |  51166 |   3316 |  16856 |  28163 |  27 | 2017.9 |
       Dungeon |  27156 |  25082 |   2074 |   5850 |  16631 |  15 | 1810.4 |
        Temple |    388 |    316 |     72 |      0 |    300 |   1 |  388.0 |
          Lair |  12729 |  12104 |    625 |   4009 |   6575 |   5 | 2545.8 |
  Orcish Mines |   6407 |   5942 |    465 |   2940 |   2226 |   2 | 3203.5 |
   Elven Halls |   7674 |   7594 |     80 |   4055 |   2429 |   3 | 2558.0 |
         Abyss |    125 |    125 |      0 |      0 |      0 |   1 |  125.0 |
               +--------+--------+--------+--------+--------+-----+--------+

Top non-repeatable levels by time:
   Elf:1: 5814 daAuts
    D:11: 5159 daAuts
  Lair:4: 4748 daAuts
   Orc:2: 4587 daAuts
  Lair:5: 3143 daAuts
    D:10: 2574 daAuts
    D:15: 2564 daAuts
     D:9: 1844 daAuts
   Orc:1: 1820 daAuts
     D:8: 1818 daAuts
     D:6: 1783 daAuts
     D:7: 1741 daAuts
  Lair:3: 1721 daAuts
  Lair:1: 1570 daAuts
    D:13: 1549 daAuts
